 Dungeon Crawl Stone Soup version 0.20-a0-73-g65ed1cb (webtiles) character file.

126 KristoblXynda the Chucker (level 4, -8/55 HPs)
             Began as a Draconian Arcane Marksman on Nov 18, 2016.
             Mangled by an ogre
             ... wielding a +0 giant spiked club
              (14 damage)
             ... on level 3 of the Dungeon.
             The game lasted 00:06:53 (2677 turns).

KristoblXynda the Chucker (DrAM)                    Turns: 2677, Time: 00:06:53

Health: -8/55      AC: 22    Str: 16 (17) XL:     4   Next: 84%
Magic:  5/5        EV:  2    Int: 11 (14) God:
Gold:   183        SH:  0    Dex:  8 (9)  Spells: 0 memorised, 5 levels left

rFire  . . .     SeeInvis .     h - +0 club (curse)
rCold  . . .     Gourm    .     (armour unavailable)
rNeg   + + +     Faith    .     (no shield)
rPois  +         Spirit   .     (helmet currently unavailable)
rElec  .         Reflect  .     (cloak currently unavailable)
rCorr  .         Harm     .     (gloves currently unavailable)
MR     .....     NoTele   +     (boots currently unavailable)
Stlth  +.........               (no amulet)
                                (no ring)
                                o - +4 ring of strength

@: tree-form
A: unfitting armour, (antennae 0), clumsy 1, (shaggy fur 0), (cold-blooded),
MP-powered wands, AC +5
a: no special abilities


You were on level 3 of the Dungeon.
You were not hungry.
You were a tree.
You visited 1 branch of the dungeon, and saw 3 of its levels.

You collected 183 gold pieces.

Inventory:

Hand Weapons
 h - a cursed +0 club (weapon)
Missiles
 b - a javelin (quivered)
Armour
 l - a +1 pair of boots (melded)
Jewellery
 o - a +4 ring of strength (left branch)
Scrolls
 j - a scroll of remove curse
 m - a scroll of amnesia
Potions
 f - a potion of haste
Books
 a - a book of Debilitation

   Spells                             Type                      Level
   a - Corona                         Hexes                        1
   b - Slow                           Hexes                        2
   c - Gell's Gravitas                Hexes/Translocation          3
   d - Inner Flame                    Hexes/Fire                   3
   e - Cause Fear                     Hexes                        4
   f - Leda's Liquefaction            Hexes/Earth                  4
Comestibles
 d - 4 bread rations
 n - a meat ration


   Skills:
 + Level 2.9 Fighting
 + Level 3.2 Throwing
 + Level 2.8 Dodging
 - Level 1.0 Spellcasting
   Level 2.6 Hexes


You had 5 spell levels left.
You didn't know any spells.

Dungeon Overview and Level Annotations

Branches:
Dungeon (3/15)

Altars:
Xom


Innate Abilities, Weirdness & Mutations

((Your plain brown scales are hard. (AC +5)))
You cannot fit into any form of body armour.
((You are cold-blooded and may be slowed by cold attacks.))
((You have a pair of small antennae on your head.))
You are clumsy. (Dex -2)
((You are covered in fur. (AC +1)))
You expend magic power (3 MP) to strengthen your wands.


Message History

* * * LOW HITPOINT WARNING * * *
Throwing (i - inventory):
b - 2 javelins (quivered)
Press: ? - help, Shift-Dir - straight line, f - ogre
Aim: an ogre, wielding a giant spiked club You throw a javelin.
The javelin hits the ogre!
The ogre is heavily wounded.
The ogre hits you with a giant spiked club.
* * * LOW HITPOINT WARNING * * *
It was a potion of flight.
Your roots keep you in place.
It was a potion of beneficial mutation.
Fur sprouts all over your body.
You feel fantastic! The ogre hits you but does no damage.
You hit the ogre.
The ogre is heavily wounded.
The ogre hits you but does no damage.
It was a potion of degeneration.
There was something very wrong with that liquid.
You feel weakened.
You feel dopey.
You feel clumsy.
The ogre hits you with a giant spiked club!
You die...

.####.##....#.........[# #.# #.#
....#.###.#.##.######.## #.####.#
.##.#.###.#.##.# #.# #.#....#
.##....##.#(##.## #.# #.#.#O.#
.....#....#.#..)## #.# #.. #...
###....####.#....# #># #.#####. #
#.#.#####.#....####.####...#.>. #
#.#.##...†.....†...........#.#. #
#.#.##.##.##.#♣#.....###.......
###............#O#.###.###.......
.....###.#######.#.#.............
............ #.#O#............#
##.########.# #†#.....####...).#
#.# # #.###..## #.#.#.# #.#
#.###..##...#..#.# #.#
#...w.....## ###.# #.#
#####..####


You could see an ogre.

Vanquished Creatures
  A worker ant (D:3)
  2 adders
  A gnoll (D:1)
  3 oozes
  3 worms
  2 ball pythons (D:1)
  3 giant cockroaches
  5 goblins
  8 hobgoblins
  A quokka (D:3)
  10 bats
  6 kobolds
  12 rats
57 creatures vanquished.

Notes
Turn   | Place    | Note
-------+----------+-------------------------------------------
     0 | D:1      | KristoblXynda the Draconian Arcane Marksman began the quest for the Orb.
     0 | D:1      | Reached XP level 1. HP: 16/16 MP: 2/2
   109 | D:1      | Reached skill level 2 in Throwing
   125 | D:1      | Reached XP level 2. HP: 24/24 MP: 3/3
   668 | D:1      | Reached XP level 3. HP: 29/29 MP: 4/4
  1150 | D:2      | Found a shimmering altar of Xom.
  1387 | D:2      | Gained mutation: You expend magic power (3 MP) to strengthen your wands. [potion of mutation]
  1387 | D:2      | Gained mutation: You have a pair of small antennae on your head. [potion of mutation]
  1387 | D:2      | Gained mutation: You are clumsy. (Dex -2) [potion of mutation]
  1803 | D:2      | Reached XP level 4. HP: 37/37 MP: 5/5
  2219 | D:3      | Reached skill level 3 in Throwing
  2602 | D:3      | Noticed an ogre
  2675 | D:3      | Gained mutation: You are covered in fur. (AC +1) [potion of beneficial mutation]
  2677 | D:3      | Mangled by an ogre

Vault maps used:
D:1:      tarquinn_simple_flora_water_f, minmay_misc_feat_pillars,
          minmay_misc_feat_four_crosses
D:2:      xom_teletrap_fun

Skill      XL: |  1  2  3  4 |
---------------+-------------+-----
Throwing       | 2 3 |  3.2
Dodging        | 2 |  2.8
Fighting       | 2 |  2.9
Spellcasting   | |  1.0
Hexes          | |  2.6

Action                   |  1- 3 |  4- 6 || total
-------------------------+-------+-------++-------
Melee: Unarmed           |    10 |       ||    10
       Tailslap          |    11 |    15 ||    26
       Club              |   144 |   123 ||   267
Throw: Javelin           |    16 |     5 ||    21
       Throwing net      |     2 |       ||     2
  Use: Potion            |     3 |     5 ||     8
       Scroll            |       |     4 ||     4
 Stab: Held in net/web   |     1 |       ||     1
  Eat: Meat ration       |     1 |       ||     1
       Pizza             |     1 |       ||     1
Armor: Skin              |    78 |    80 ||   158
Dodge: Dodged            |   119 |   148 ||   267
